 Dungeon Crawl Stone Soup version 0.24.0-13-gcf9b319 (webtiles) character file.

Game seed: 1116374905167572701, levelgen mode: deterministic

100 Fortress the Vexing (level 4, -4/42 HPs)
             Began as an Ogre Arcane Marksman on Jan 13, 2020.
             Slain by a worm (11 damage)
             ... on level 3 of the Dungeon.
             The game lasted 00:05:21 (1760 turns).

Fortress the Vexing (Ogre Arcane Marksman)          Turns: 1760, Time: 00:05:22

Health: -4/42      AC:  3    Str: 15    XL:     4   Next: 74%
Magic:  4/6        EV: 10    Int: 14    God:
Gold:   149        SH:  0    Dex:  9    Spells: 4/5 levels left

rFire    . . .     SeeInvis .   e - +0 hand axe
rCold    . . .     Gourm    .   (no shield)
rNeg     . . .     Faith    .   a - +0 robe
rPois    .         Spirit   .   (helmet restricted)
rElec    .         Reflect  .   (no cloak)
rCorr    .         Harm     .   (gloves unavailable)
MR       .....                  (boots unavailable)
Stlth    +.........             (no amulet)
HPRegen  0.14/turn              (no ring)
MPRegen  0.10/turn              (no ring)

@: no status effects
A: large, unfitting armour, tough skin 1
a: no special abilities


You were on level 3 of the Dungeon.
You were very hungry.

You visited 1 branch of the dungeon, and saw 3 of its levels.

You collected 149 gold pieces.

Inventory:

Hand Weapons
 e - a +0 hand axe (weapon)
Missiles
 l - 5 boomerangs (quivered)
Armour
 a - a +0 robe (worn)
Scrolls
 h - a scroll of teleportation {unknown}
 j - a scroll of fear {unknown}
 m - 4 scrolls of identify {unknown}
 n - a scroll of amnesia {unknown}
 o - a scroll of magic mapping {unknown}
 p - a scroll of immolation {unknown}
Potions
 b - 2 potions of curing
 g - a potion of might {unknown}
 i - 3 potions of flight {unknown}
 k - a potion of brilliance {unknown}
Comestibles
 f - 2 rations


   Skills:
 + Level 2.1 Fighting
 + Level 3.1 Throwing
 + Level 2.4 Dodging
 + Level 1.4 Spellcasting
 + Level 3.6 Hexes


You had 4 spell levels left.
You knew the following spells:

 Your Spells              Type           Power        Failure   Level  Hunger
a - Corona                Hex            ##.....      6%          1    ##.....

Your spell library contained the following spells:

 Spells                   Type           Power        Failure   Level  Hunger
 Slow                     Hex            ##......     9%          2    ###....
 Inner Flame              Hex/Fire       #.......     34%         3    ####...
 Portal Projectile        Hex/Tloc       #.....       34%         3    ####...
 Cause Fear               Hex            ##........   50%         4    #####..
 Leda's Liquefaction      Hex/Erth       #.........   75%         4    #####..


Dungeon Overview and Level Annotations

Branches:
Dungeon (3/15)

Altars:


Innate Abilities, Weirdness & Mutations

You are too large for most types of armour.
You have tough skin. (AC +1)


Message History

* * * LOW HITPOINT WARNING * * *
It was a potion of curing.
You feel better.
The worm stops glowing.
The adder closely misses you.
You slash the adder!
The adder is heavily wounded.
The adder barely misses you. The adder closely misses you.
You hit the adder but do no damage.
The adder is heavily wounded.
The adder bites you but does no damage.
You barely miss the adder.
The adder is heavily wounded.
The adder bites you.
* * * LOW HITPOINT WARNING * * *
The adder barely misses you.
You slash the adder!
You kill the adder!
You hit the worm.
The worm is moderately wounded.
The worm bites you!
You die...

##.# ..# #.# ..#
#.# #.# #.# #.# #.#
#.# #)# # #.# #.#
.####.###.#######.#
(......w@#........#
.#####.##.#########
... #.# ..... ..#
..#######.# . #.#
%.# ###


You could see a worm.

Vanquished Creatures
  An iguana (D:2)
  2 adders
  An ooze (D:2)
  2 worms (D:2)
  A dart slug (D:2)
  A leopard gecko (D:1)
  A ball python (D:2)
  5 giant cockroaches
  4 goblins
  2 hobgoblins
  5 jackals (D:2)
  A quokka (D:3)
  4 bats
  3 frilled lizards (D:2)
  7 kobolds
  4 rats
44 creatures vanquished.

Notes
Turn   | Place    | Note
-------+----------+-------------------------------------------
     0 | D:1      | Fortress the Ogre Arcane Marksman began the quest for the
                  | Orb.
     0 | D:1      | Reached XP level 1. HP: 19/19 MP: 2/2
   345 | D:1      | Reached XP level 2. HP: 26/27 MP: 3/3
   658 | D:2      | Found a faded altar of an unknown god.
   745 | D:2      | Reached XP level 3. HP: 33/33 MP: 4/4
  1415 | D:2      | Reached XP level 4. HP: 29/42 MP: 6/6
  1760 | D:3      | Slain by a worm

Levels and vault maps discovered:
D:1:      matt_arrival_spirals, layout_rooms, minmay_misc_feat_chi
D:2:      layout_basic, chequers_ecumenical_altar_simple
D:3:      layout_loops_ring

Skill      XL: |  1  2  3  4 |
---------------+-------------+-----
Hexes          | 3 |  3.6
Dodging        | 2 |  2.4
Throwing       | 3 |  3.1
Fighting       | 2 |  2.1
Spellcasting   | |  1.4

Action                   |  1- 3 |  4- 6 || total
-------------------------+-------+-------++-------
Melee: Hand axe          |    93 |    47 ||   140
Throw: Large rock        |    32 |     5 ||    37
       Throwing net      |     3 |     1 ||     4
 Cast: Corona            |     1 |     3 ||     4
  Use: Potion            |       |     1 ||     1
  Eat: Chunk             |     2 |       ||     2
Armor: Robe              |    39 |    11 ||    50
Dodge: Dodged            |    75 |    32 ||   107
